 Dungeon Crawl Stone Soup version 0.30-a0-778-g2ef04afb54 (webtiles) character file.

Game seed: 7808951998124928440

1589687 Anon1729 the Conqueror (level 26, 266/266 HPs)
             Began as a Minotaur Monk on Feb 16, 2023.
             Was a High Priest of Qazlal.
             Escaped with the Orb
             ... and 3 runes!
             The game lasted 01:24:04 (78793 turns).

Anon1729 the Conqueror (Minotaur Monk)             Turns: 78793, Time: 01:24:04

Health: 266/266    AC: 36    Str: 33      XL:     26   Next: 89%
Magic:  28/28      EV: 19    Int:  7 (9)  God:    Qazlal [*****.]
Gold:   5722       SH: 25    Dex: 21      Spells: 25/25 levels left

rFire   + . .      SeeInvis +    U - +7 broad axe (elec)
rCold   + . .      Faith    .    P - +3 warlock's mirror {omnireflect}
rNeg    . . .      Spirit   .    I - +9 plate armour {Will+}
rPois   +          Reflect  +    (helmet restricted)
rElec   +          Harm     .    D - scarf {rC+ rF+}
rCorr   .          Rampage  .    u - +0 pair of gloves
Will    +++..      Clarity  +    K - +1 pair of boots "Pesseut" {Drain rPois Str+7 Stlth+} Stlth
                                 n - amulet "Cycygui" {Reflect Int+2 SH+5}
HPRegen 0.64/turn                Z - ring "Pibreh" {Dex+6 SInv Stlth+}
MPRegen 0.21/turn                r - ring "Exonu" {rElec rPois Will+ MP-9}

@: studying 3 skills, repel missiles
A: horns 2, retaliatory headbutt, clarity, mutation resistance 1, sense
surroundings 1
0: Orb of Zot
}: 3/15 runes: barnacled, silver, gossamer
a: Renounce Religion, Upheaval, Elemental Force, Disaster Area


You escaped.
You worshipped Qazlal.
Qazlal was extremely pleased with you.
You visited 9 branches of the dungeon, and saw 46 of its levels.
You visited the Abyss 1 time.
You also visited: Volcano.

You collected 9012 gold pieces.
You spent 3290 gold pieces at shops.

Inventory:

Hand Weapons
 M - a +9 battleaxe of flaming
 U - a +7 broad axe of electrocution (weapon)
Missiles
 b - 6 throwing nets
 l - 18 curare-tipped darts (quivered)
Armour
 u - a +0 pair of gloves (worn)
 D - a scarf of resistance (worn)
 I - a +9 plate armour of willpower (worn)
 K - the +1 pair of boots "Pesseut" (worn) {Drain rPois Str+7 Stlth+}
   (You found it on level 3 of the Shoals)

   Str:       It affects your strength (+7).
   rPois:     It protects you from poison.
   Drain:     It drains your maximum health when unequipped.
   Stlth:     It makes you more stealthy.
 P - the +3 warlock's mirror (worn) {omnireflect}
   (You found it on level 2 of the Shoals)

   Omnireflect: It can block and reflect piercing ranged attacks and magical
   attacks against the wielder's willpower.
Jewellery
 c - a ring of resist corrosion
 m - a ring of protection from cold
 n - the amulet "Cycygui" (around neck) {Reflect Int+2 SH+5}
   (You found it on level 3 of the Elven Halls)

   [amulet of reflection]

   It reflects blocked missile attacks.
   Int:       It affects your intelligence (+2).
   SH:        It affects your SH (+5).
 q - a ring of see invisible
 r - the ring "Exonu" (right hand) {rElec rPois Will+ MP-9}
   (You acquired it on level 1 of the Elven Halls)

   [ring of willpower]

   rElec:     It insulates you from electricity.
   rPois:     It protects you from poison.
   MP:        It affects your magic capacity (-9).
   Will:      It increases your willpower.
 Z - the ring "Pibreh" (left hand) {Dex+6 SInv Stlth+}
   (You found it on level 2 of the Vaults)

   [ring of dexterity]

   Dex:       It affects your dexterity (+6).
   SInv:      It lets you see invisible.
   Stlth:     It makes you more stealthy.
Wands
 a - a wand of charming (35)
 A - a wand of flame (63)
 B - a wand of polymorph (29)
 G - a wand of roots (46)
 J - a wand of digging (22)
 O - a wand of light (35)
 S - a wand of mindburst (22)
Scrolls
 i - 16 scrolls of poison
 p - 4 scrolls of torment
 s - 11 scrolls of magic mapping
 x - 3 scrolls of brand weapon
 y - 2 scrolls of summoning
 L - 17 scrolls of teleportation
 Q - 10 scrolls of vulnerability
 R - 2 scrolls of fear
 T - 2 scrolls of silence
 V - 6 scrolls of immolation
 W - 5 scrolls of fog
 X - a scroll of blinking
Potions
 d - 5 potions of magic
 e - 15 potions of lignification
 f - 7 potions of mutation
 g - a potion of resistance
 h - 6 potions of haste
 j - 27 potions of curing
 k - 4 potions of berserk rage
 o - 10 potions of flight
 t - 12 potions of cancellation
 v - 8 potions of degeneration
 z - 5 potions of ambrosia
 C - 3 potions of heal wounds
 E - 5 potions of invisibility
 F - 12 potions of brilliance
 H - 6 potions of attraction
Miscellaneous
 N - a condenser vane
 Y - a piece from Xom's chessboard (15/15)


   Skills:
 O Level 27 Fighting
 O Level 27 Axes
 + Level 25.7 Armour
 + Level 15.2 Dodging
 - Level 1.5 Stealth
 + Level 19.4 Shields
 + Level 22.0 Invocations
 + Level 18.6 Evocations


You had 25 spell levels left.
You didn't know any spells.
Your spell library contained the following spells:

 Spells                   Type           Power      Damage    Failure   Level
 Apportation              Tloc           0%         N/A       80%         1
 Beastly Appendage        Tmut           0%         N/A       80%         1
 Foxfire                  Conj/Fire      0%         2x1d4     80%         1
 Freeze                   Ice            0%         1d3       80%         1
 Kiss of Death            Conj/Necr      0%         2d5       80%         1
 Magic Dart               Conj           0%         1d3       80%         1
 Necrotise                Necr           0%         1d4       80%         1
 Sandblast                Erth           0%         2d4       80%         1
 Shock                    Conj/Air       0%         1d3       80%         1
 Summon Small Mammal      Summ           0%         N/A       80%         1
 Blink                    Tloc           0%         N/A       90%         2
 Call Imp                 Summ           0%         N/A       90%         2
 Lesser Beckoning         Tloc           0%         N/A       90%         2
 Passwall                 Tmut/Erth      0%         N/A       90%         2
 Scorch                   Fire           0%         2d5       90%         2
 Searing Ray              Conj           0%         2d4       90%         2
 Sublimation of Blood     Necr           0%         N/A       90%         2
 Wereblood                Tmut           0%         N/A       90%         2
 Call Canine Familiar     Summ           0%         N/A       99%         3
 Confusing Touch          Hex            0%         N/A       99%         3
 Frozen Ramparts          Ice            0%         1d1       99%         3
 Gell's Gravitas          Tloc           0%         N/A       99%         3
 Hailstorm                Conj/Ice       0%         3d3       99%         3
 Inner Flame              Hex/Fire       0%         N/A       99%         3
 Mephitic Cloud           Conj/Pois/Air  0%         N/A       99%         3
 Portal Projectile        Hex/Tloc       0%         N/A       99%         3
 Spider Form              Tmut/Pois      0%         N/A       99%         3
 Stone Arrow              Conj/Erth      0%         3d7       99%         3
 Swiftness                Air            0%         N/A       99%         3
 Teleport Other           Tloc           0%         N/A       99%         3
 Tukima's Dance           Hex            0%         N/A       99%         3
 Vampiric Draining        Necr           0%         2d6       99%         3
 Vhi's Electric Charge    Tloc/Air       0%         N/A       99%         3
 Airstrike                Air            0%         2d(0-16)  100%        4
 Anguish                  Hex/Necr       0%         N/A       100%        4
 Animate Dead             Necr           0%         N/A       100%        4
 Cause Fear               Hex            0%         N/A       100%        4
 Dispel Undead            Necr           0%         3d6       100%        4
 Flame Wave               Conj/Fire      0%         2d4       100%        4
 Fulminant Prism          Conj/Hex       0%         3d5       100%        4
 Ice Form                 Ice/Tmut       0%         N/A       100%        4
 Leda's Liquefaction      Hex/Erth       0%         N/A       100%        4
 Manifold Assault         Tloc           0%         N/A       100%        4
 Passage of Golubria      Tloc           0%         N/A       100%        4
 Petrify                  Tmut/Erth      0%         N/A       100%        4
 Sticky Flame             Conj/Fire      0%         2d3       100%        4
 Summon Ice Beast         Ice/Summ       0%         N/A       100%        4
 Summon Lightning Spire   Summ/Air       0%         N/A       100%        4
 Agony                    Necr           0%         N/A       100%        5
 Alistair's Intoxication  Tmut/Pois      0%         N/A       100%        5
 Arcjolt                  Conj/Air       0%         1d10      100%        5
 Blade Hands              Tmut           0%         N/A       100%        5
 Borgnjor's Vile Clutch   Necr/Erth      0%         N/A       100%        5
 Freezing Cloud           Conj/Ice/Air   0%         6-21      100%        5
 Irradiate                Conj/Tmut      0%         3d11      100%        5
 Metabolic Englaciation   Hex/Ice        0%         N/A       100%        5
 Yara's Violent Unravell  Hex/Tmut       0%         3d3       100%        5
 Dispersal                Tloc           0%         N/A       100%        6
 Simulacrum               Ice/Necr       0%         N/A       100%        6
 Statue Form              Tmut/Erth      0%         N/A       100%        6
 Summon Cactus Giant      Summ           0%         N/A       100%        6
 Enfeeble                 Hex            0%         N/A       100%        7
 Storm Form               Tmut/Air       0%         N/A       100%        7
 Summon Hydra             Summ           0%         N/A       100%        7
 Discord                  Hex            0%         N/A       100%        8
 Maxwell's Capacitive Co  Air            0%         ∞         100%        8
 Fire Storm               Conj/Fire      0%         5d1       100%        9


Dungeon Overview and Level Annotations

Branches:
Dungeon (15/15)            Temple (0/1) D:4            Lair (4/5) D:11
 Shoals (4/4) Lair:3       Spider (4/4) Lair:3        Slime (0/5) Lair:4
    Orc (2/2) D:10            Elf (3/3) Orc:2        Vaults (5/5) D:14
  Crypt (0/3) Vaults:3     Depths (4/4) D:15            Zot (5/5) Depths:4
Volcano (visited)

Altars:
Ashenzari
Dithmenos
Elyvilon
Fedhas
Gozag
Hepliaklqana
Kikubaaqudgha
Okawaru
Qazlal
Ru
Trog
Uskayaw
Wu Jian
Xom
Zin
The Shining One
Jiyva

Shops:
D:4 (   D:5 *   D:10 :   Orc:2 ([*   Elf:1 [   Elf:3 :==**   Shoals:4 :
Depths:1 (

Portals:
Hell: Depths:1 Depths:2 Depths:3 Depths:4
Abyss: Depths:2 Depths:3 Depths:4
Pandemonium: Depths:2 Depths:4
Ziggurat: Depths:2
Trove: Vaults:3 (give +3 shadow dragon scales)

Annotations:
Shoals:4 Roxanne
Elf:2 2 runed translucent doors
Elf:3 4 runed translucent doors, exclusion: obsidian statue, Gajin's ghost, journeyman DsFi
Vaults:2 2 transporters, Uhurudgh's ghost, veteran DgEE
Depths:4 4 runed translucent doors
Zot:2 2 transporters, exclusion: obsidian statue


Innate Abilities, Weirdness & Mutations

You have a pair of horns on your head.
You reflexively headbutt those who attack you in melee.
You possess an exceptional clarity of mind.
You are somewhat resistant to further mutation.
You passively map a small area around you.


Message History

The sun demon attacks as you move away! You block the sun demon's attack.
You block the sun demon's attack. You block the sun demon's attack.
The sun demon attacks as you move away! You block the sun demon's attack.
The sun demon attacks as you move away! The sun demon hits you!!
You are engulfed in flames.
You resist. The sun demon attacks as you move away!
You block the sun demon's attack.
The sun demon is engulfed in freezing vapours.
The shadow demon gestures.
The adder dissolves into shadows!
You block the sun demon's attack. x2
You hear a shout!
The sun demon attacks as you move away! You block the sun demon's attack.
The sun demon attacks as you move away! You block the sun demon's attack.
You block the sun demon's attack.
The orc shouts!
You block the sun demon's attack. The sun demon hits you.
You are engulfed in flames!
You resist.
There is an escape hatch in the ceiling here.
The sun demon misses you. You furiously retaliate!
You headbutt the sun demon! A mysterious force pulls you upwards.
The hatch slams shut behind you.
You carve the sun demon like a ham!!!
You kill the sun demon!
Qazlal accepts your kill.
(D) Dungeon (T) Temple (L) Lair (A) Shoals (N) Spider Nest (M) Slime Pits (O) Orcish Mines (E) Elven Halls (V) Vaults (C) Crypt (U) Depths (H) Hell (Z) Zot
Where to? (Enter - D:1, ? - help)
What level of the Dungeon? (default 1, ? - help)
There is a stone staircase leading up here.
You climb upwards.
There is a stone staircase leading down here.
There is a stone staircase leading up here.
You climb upwards.
There is a stone staircase leading down here.
You see here a +0 whip.
HP restored.
There is a staircase leading out of the dungeon here.
Unknown command.
You have escaped!

#....#.....#.....#####........#
...##.............## #........#
.###...............# ###..#.###
.###....>..........####...#.#
.........................##.##
.##................#####..#..####
...................# #.........
.......♣♣♣♣♣♣♣♣♣♣#.# #.........
..##..♣♣.....♣#.@♣.# #.........
#.#..♣♣........☼.♣.# #.........
#.#.#♣....♣.♣.§§♣#.# #.........
#...#♣.....⌠.....♣.## ##########
.....♣....♣.♣....♣†.#
.....♣♣....(....♣♣#)#
......♣♣.......♣♣##†####
...)..#♣♣♣...♣♣♣....†(.#
......##.........###)#.######


There were no monsters in sight!

Vanquished Creatures
  5 dread liches (Zot:5)
  2 ancient liches (Zot:5)
  3 orbs of fire
  Mara (Shoals:4)
  2 juggernauts
  Sojobo (Depths:3)
  Josephina (Zot:3)
  6 Killer Klowns
  A curse toe (Zot:3)
  2 caustic shrikes
  16 golden dragons
  Jory (Depths:3)
  A pearl dragon (Depths:4)
  3 bone dragons
  A Brimstone Fiend (Zot:3)
  Jorgrun (Spider:2)
  19 tentacled monstrosities
  2 electric golems (Zot:5)
  A doom hound (Zot:4)
  Rupert (D:12)
  16 quicksilver dragons
  A walking crystal tome (Depths:3)
  A walking divine tome (Depths:3)
  26 Orb Guardians
  A titan (Vaults:4)
  5 liches
  Grunn (Zot:4)
  2 deep elf master archers (Elf:2)
  3 deep elf blademasters (Elf:2)
  13 sphinxes
  8 death cobs
  An ancient champion (Elf:2)
  A kraken (Shoals:3)
  Polyphemus (Shoals:4)
  An Executioner (Depths:3)
  10 tengu reavers
  13 draconian monks
  11 storm dragons
  14 shadow dragons
  10 fire giants
  13 frost giants
  Donald (Shoals:1)
  6 draconian knights
  6 emperor scorpions (Spider:4)
  Ilsuiw (Shoals:2)
  6 ghost moths
  30 vault wardens
  5 deep elf sorcerers
  Louise (Depths:4)
  A caustic shrike zombie (Depths:1)
  5 deep elf elementalists
  7 iron dragons
  8 draconian shifters
  2 curse skulls
  22 ironbound preservers
  12 draconian scorchers
  A balrug (D:8)
  A cacodemon (Depths:4)
  2 ghouls
  5 spriggan defenders
  3 draconian stormcallers
  10 draconian annihilators
  A juggernaut skeleton (Depths:1)
  3 broodmothers
  14 stone giants
  32 very ugly things
  7 war gargoyles
  An apis (Depths:4)
  An ophan (Depths:4)
  5 grey draconians (Zot:4)
  5 deep elf demonologists
  Nessos (Lair:4)
  5 vampire knights
  12 ironbound thunderhulks
  13 black draconians
  13 green draconians
  A lorocyproca (Depths:2)
  15 red draconians
  9 deep elf annihilators
  15 dire elephants
  19 white draconians
  12 yellow draconians
  20 purple draconians
  9 deep elf death magi
  10 spark wasps
  10 ettins
  An eidolon (Elf:2)
  4 spectral elves (Elf:2)
  7 merfolk javelineers
  3 crystal guardians (Vaults:4)
  The ghost of Sudiex the Thaumaturge, a journeyman DsFE of Vehumet (Lair:4)
  11 fire dragons
  18 yaktaur captains
  2 jiangshi
  6 merfolk impalers
  12 deep elf high priests
  4 entropy weavers
  7 great orbs of eyes
  36 vault guards
  A hell beast (D:13)
  An ice dragon (shapeshifter) (Depths:2)
  3 rakshasas
  11 ice dragons
  Fannar (Lair:1)
  A radroach (Spider:3)
  3 jorogumos
  5 spriggan air magi
  12 hydras
  6 merfolk avatars
  Harold (Lair:1)
  15 ironbound frosthearts
  5 catoblepae
  3 peacekeepers
  3 ogre magi
  Erica (Lair:1)
  15 centaur warriors
  9 deep troll shamans
  3 satyrs
  4 boulder beetles
  5 tengu warriors
  6 two-headed ogres
  A hell hog (Volcano)
  5 death yaks
  26 dancing weapons
  4 spriggan berserkers
  A merfolk aquamancer (Shoals:2)
  4 vampire magi
  7 deep troll earth magi
  16 deep elf knights
  5 sun demons
  7 hell knights (Depths:4)
  Sonja (D:10)
  A wretched star (Abyss:2)
  2 spriggans (Depths:1)
  Urug (D:10)
  A skyshark (Shoals:1)
  3 skeletal warriors (D:15)
  A sixfirhy (Depths:4)
  16 sea snakes
  39 deep trolls
  2 fire crabs
  A large abomination (Abyss:2)
  3 sun moths
  A quicksilver dragon simulacrum (Zot:3)
  7 iron trolls
  3 pharaoh ants
  10 orb spiders
  An orange crystal statue (Zot:5)
  6 flayed ghosts
  6 glowing orange brains
  An obsidian statue (Zot:5)
  4 orc knights
  12 deep elf archers
  15 ironbound convokers
  9 lindwurms
  34 harpies
  7 wizards
  28 deep elf pyromancers
  8 necromancers
  27 deep elf zephyrmancers
  6 phantasmal warriors
  8 steelbarb worms
  A shadow dragon skeleton (Depths:1)
  A wolf spider (shapeshifter) (Vaults:2)
  23 fauns
  23 wolf spiders
  7 cyclopes
  10 manticores
  A salamander (Depths:3)
  A cyclops (shapeshifter) (Depths:2)
  29 ugly things
  32 moths of wrath
  12 merfolk sirens
  Maurice (D:9)
  3 black mambas
  2 molten gargoyles (Volcano)
  2 smoke demons
  28 vault sentinels
  8 gargoyles
  7 torpor snails
  An orange demon (Depths:4)
  9 demonic crawlers
  Maggie (D:9)
  2 storm dragon simulacra (Zot:3)
  5 water nymphs
  6 cane toads
  Psyche (D:10)
  A cane toad (shapeshifter) (D:14)
  3 unseen horrors
  2 kobold demonologists
  18 yaktaurs
  2 efreet
  14 tengu conjurers
  An ice devil (D:10)
  6 rime drakes
  6 komodo dragons
  A harpy zombie (Abyss:2)
  An ancient zyme (Abyss:2)
  10 trolls
  31 merfolk
  11 meliai
  2 red devils (Depths:2)
  9 wind drakes
  2 polar bears
  A polar bear (shapeshifter) (Spider:1)
  A wind drake (shapeshifter) (Elf:3)
  15 tarantellas
  13 blink frogs
  13 snapping turtles
  8 dream sheep
  4 hornets
  A dream sheep (shapeshifter) (Vaults:5)
  30 jumping spiders
  A centaur simulacrum (D:15)
  Sigmund (D:6)
  4 shadows
  21 culicivoras
  28 slime creatures
  5 air elementals
  6 wraiths
  2 flying skulls (Elf:2)
  16 water elementals
  A wyvern (shapeshifter) (D:12)
  3 wyverns
  3 basilisks
  39 yaks
  A fire elemental (Elf:2)
  A vampire (Elf:2)
  7 fire bats (Volcano)
  A golden eye (shapeshifter) (D:14)
  8 steam dragons
  47 redbacks
  A neqoxec (Depths:4)
  A purple draconian simulacrum (Zot:3)
  A redback (shapeshifter) (Vaults:5)
  9 vampire mosquitoes
  The ghost of caveywoolpert the Digger, an amateur DgEE (D:4)
  A warg (Orc:1)
  2 acid dragons
  A swamp worm (shapeshifter) (Vaults:5)
  A moth of wrath simulacrum (Zot:3)
  A floating eye (shapeshifter) (Vaults:5)
  15 water moccasins
  4 hell hounds
  2 floating eyes
  41 orc warriors
  Duvessa (D:4)
  Pargi (D:3)
  A hornet zombie (D:4)
  2 ice beasts
  4 black bears
  A meliai simulacrum (D:14)
  5 ogres
  8 boggarts (Vaults:2)
  A spriggan simulacrum (Depths:1)
  An ettin simulacrum (Vaults:2)
  11 wolves
  15 centaurs
  9 starcursed masses
  A small abomination (Abyss:2)
  3 phantoms
  7 kobold brigands
  10 bullfrogs
  A necrophage (D:4)
  4 earth elementals
  5 scorpions
  10 wights
  A water moccasin skeleton (D:4)
  Dowan (D:4)
  9 electric eels
  3 howler monkeys
  5 lava snakes (Volcano)
  A bullfrog zombie (D:4)
  23 orc priests
  6 jellies
  8 hounds
  3 iguanas
  Natasha (thrice) (D:3)
  25 orc wizards
  A killer bee zombie (D:4)
  A boggart simulacrum (D:14)
  11 adders
  7 gnolls
  2 shadow imps
  A white imp (Vaults:2)
  2 worms
  2 dart slugs
  78 orcs
  7 endoplasms
  3 giant cockroaches (Lair:3)
  4 goblins
  4 hobgoblins
  8 jackals
  4 quokkas
  10 ball pythons
  9 bats
  3 frilled lizards
  22 kobolds
  A rat (D:2)
  A butterfly (Lair:1)
  A lost soul (Elf:2)
  3 tentacles (Shoals:3)
2228 creatures vanquished.

Vanquished Creatures (collateral kills)
  A moth of wrath (Zot:3)
1 creature vanquished.

Vanquished Creatures (others)
  A purple draconian (Zot:3)
  A soul eater (Depths:2)
  A demonic crawler (Spider:4)
  A slime creature (D:14)
  An orc wizard (D:10)
  11 fungi
  71 plants
  5 tentacles (Shoals:3)
92 creatures vanquished.

Grand Total: 2321 creatures vanquished

Notes
Turn   | Place    | Note
-------+----------+-------------------------------------------
     0 | D:1      | Anon1729 the Minotaur Monk began the quest for the Orb.
     0 | D:1      | Reached XP level 1. HP: 19/19 MP: 0/0
    74 | D:1      | Found a faded altar of an unknown god.
    78 | D:1      | Prayed at the altar of an unknown god.
    78 | D:1      | Became a worshipper of Qazlal Stormbringer
    78 | D:1      | Reached * piety under Qazlal
    78 | D:1      | Reached ** piety under Qazlal
   100 | D:1      | Reached XP level 2. HP: 24/27 MP: 1/1
   178 | D:1      | Reached skill level 1 in Armour
   317 | D:1      | Reached *** piety under Qazlal
   470 | D:1      | Reached XP level 3. HP: 29/33 MP: 2/2
   778 | D:2      | Reached skill level 1 in Invocations
   987 | D:2      | Reached XP level 4. HP: 40/40 MP: 4/4
  1739 | D:3      | Noticed Natasha
  1745 | D:3      | Killed Natasha
  1827 | D:3      | Noticed Natasha
  1835 | D:3      | Killed Natasha
  1836 | D:3      | Reached XP level 5. HP: 39/47 MP: 5/5
  2031 | D:3      | Noticed Natasha
  2036 | D:3      | Killed Natasha
  2392 | D:3      | Reached **** piety under Qazlal
  2520 | D:3      | Noticed Pargi
  2525 | D:3      | Killed Pargi
  2526 | D:3      | Reached skill level 5 in Fighting
  2526 | D:3      | Reached skill level 5 in Axes
  2526 | D:3      | Reached XP level 6. HP: 54/56 MP: 5/7
  2778 | D:4      | Found a shadowy altar of Dithmenos.
  2839 | D:4      | Found a staircase to the Ecumenical Temple.
  2974 | D:4      | Noticed Duvessa
  2974 | D:4      | Noticed Dowan
  2980 | D:4      | Killed Duvessa
  2989 | D:4      | Killed Dowan
  2990 | D:4      | Reached XP level 7. HP: 62/62 MP: 8/8
  3064 | D:4      | Found Qoodagez's Antique Weapon Emporium.
  3101 | D:4      | Found a runed translucent gate.
  3101 | D:4      | Found a runed translucent gate.
  3101 | D:4      | Found a runed translucent gate.
  3102 | D:4      | Noticed caveywoolpert's ghost (amateur DgEE)
  3161 | D:4      | Found a hide-covered altar of Uskayaw.
  3161 | D:4      | Found a broken altar of Ashenzari.
  3161 | D:4      | Found a white marble altar of Elyvilon.
  3169 | D:4      | Found an iron altar of Okawaru.
  3175 | D:4      | Found an ornate altar of the Wu Jian Council.
  3219 | D:4      | Killed caveywoolpert's ghost
  3220 | D:4      | Reached skill level 5 in Armour
  3295 | D:5      | Entered Level 5 of the Dungeon
  3298 | D:5      | Identified the +6 leather armour of a Hundred Leylines
                  | {Dex+3}
  3333 | D:5      | Reached XP level 8. HP: 60/71 MP: 10/10
  3475 | D:5      | Found Bynyczah's Assorted Antiques.
  3480 | D:5      | Bought a scroll labelled FERCHUAMELA for 28 gold pieces
  3480 | D:5      | Bought 2 fizzy ruby potions for 50 gold pieces
  3480 | D:5      | Bought a fuming purple potion for 25 gold pieces
  3480 | D:5      | Bought a lead wand for 112 gold pieces
  3526 | D:5      | Found a hazy altar of Hepliaklqana.
  3527 | D:5      | Found a shimmering altar of Xom.
  3528 | D:5      | Noticed a spectral ugly thing
  3884 | D:6      | Reached skill level 5 in Invocations
  3930 | D:6      | Noticed Sigmund
  3945 | D:6      | Killed Sigmund
  4214 | D:6      | Reached XP level 9. HP: 53/81 MP: 12/12
  4217 | D:6      | Reached ***** piety under Qazlal
  4463 | D:6      | Found an ancient bone altar of Kikubaaqudgha.
  5019 | D:8      | Found a glowing silver altar of Zin.
  5298 | D:8      | Reached XP level 10. HP: 85/91 MP: 14/14
  6111 | D:9      | Noticed Maurice
  6114 | D:9      | Noticed Psyche
  6190 | Abyss:2  | Cast into level 2 of the Abyss (Psyche)
  6191 | Abyss:2  | Reached skill level 10 in Axes
  6211 | Abyss:2  | Noticed a large abomination
  6224 | Abyss:2  | Killed a large abomination
  6225 | Abyss:2  | Reached skill level 10 in Fighting
  6252 | Abyss:2  | Noticed a thrashing horror
  6252 | Abyss:2  | Noticed a thrashing horror
  6312 | Abyss:2  | Noticed a wretched star
  6328 | Abyss:2  | Killed a wretched star
  6358 | Abyss:2  | Noticed a starcursed mass
  6369 | Abyss:2  | Noticed a smoke demon
  6381 | D:9      | Escaped the Abyss
  6626 | D:9      | Reached skill level 10 in Armour
  6635 | D:9      | Reached XP level 11. HP: 70/101 MP: 16/16
  6986 | D:9      | Killed a starcursed mass
  7420 | D:10     | Entered Level 10 of the Dungeon
  7420 | D:10     | Noticed a two-headed ogre
  7431 | D:10     | Killed a two-headed ogre
  7608 | D:10     | Found a glowing golden altar of the Shining One.
  7635 | D:10     | Found a bloodstained altar of Trog.
  7736 | D:10     | Noticed Sonja
  7758 | D:10     | Killed Sonja
  7843 | D:10     | Noticed a two-headed ogre
  7848 | D:10     | Killed a two-headed ogre
  8227 | D:10     | Found Gasa Kem's Book Shop.
  8245 | D:10     | Noticed Urug
  8248 | D:10     | Killed Urug
  8351 | D:10     | Found a blossoming altar of Fedhas.
  8634 | D:10     | Found a staircase to the Orcish Mines.
  8954 | D:10     | Killed Psyche
  9083 | D:9      | Killed Maurice
  9145 | D:11     | Reached XP level 12. HP: 74/113 MP: 18/18
  9409 | D:11     | Identified the +1 leather armour of Lioklese {Will- Str+3
                  | Stlth+}
  9442 | D:11     | Reached skill level 10 in Invocations
  9617 | D:11     | Found a staircase to the Lair.
  9712 | D:11     | Noticed a boulder beetle
  9721 | D:11     | Killed a boulder beetle
 10717 | D:12     | Noticed a two-headed ogre
 10727 | D:12     | Killed a two-headed ogre
 10899 | D:12     | Noticed a two-headed ogre
 10900 | D:12     | Noticed Rupert
 10905 | D:12     | Killed a two-headed ogre
 10905 | D:12     | Paralysed by Rupert for 4 turns
 10918 | D:12     | Killed Rupert
 12050 | D:9      | Noticed Maggie
 12054 | D:9      | Killed Maggie
 12264 | D:13     | Reached XP level 13. HP: 67/123 MP: 20/20
 12709 | D:13     | Reached ****** piety under Qazlal
 12816 | D:13     | Got the Excursus on the Throng and Incandescence
 13149 | Lair:1   | Entered Level 1 of the Lair of Beasts
 13407 | Lair:1   | Noticed Erica
 13408 | Lair:1   | Noticed Harold
 13414 | Lair:1   | Killed Erica
 13416 | Lair:1   | Noticed Fannar
 13418 | Lair:1   | Killed Harold
 13429 | Lair:1   | Killed Fannar
 15842 | Lair:3   | Found a hole to the Spider Nest.
 15848 | Lair:3   | Identified the +3 leather armour of the Fiend {Rampage
                  | rElec Int-5 Dex-4}
 15908 | Lair:3   | Found a staircase to the Shoals.
 16172 | Lair:4   | Reached skill level 15 in Axes
 16288 | Lair:4   | Reached skill level 15 in Fighting
 16361 | Lair:4   | Found a runed translucent door.
 16362 | Lair:4   | Noticed Sudiex's ghost (journeyman DsFE)
 16468 | Lair:4   | Reached XP level 14. HP: 111/135 MP: 22/22
 17175 | Lair:4   | Identified the +4 long sword of Distant Worlds {holy,
                  | *Noise rPois rC+}
 17235 | Lair:4   | Found a viscous altar of Jiyva.
 17235 | Lair:4   | Found a staircase to the Slime Pits.
 17858 | Lair:4   | Killed Sudiex's ghost
 18067 | Lair:4   | Noticed Nessos
 18080 | Lair:4   | Killed Nessos
 18083 | Lair:4   | Reached skill level 15 in Armour
 21318 | D:14     | Found a gate to the Vaults.
 21449 | D:15     | Entered Level 15 of the Dungeon
 21603 | D:15     | Got the Catalogue of the Undead
 22432 | D:15     | Reached XP level 15. HP: 127/140 MP: 24/24
 22793 | D:15     | Found a sacrificial altar of Ru.
 23086 | D:15     | Found a staircase to the Depths.
 23290 | Orc:1    | Entered Level 1 of the Orcish Mines
 23321 | Orc:2    | Entered Level 2 of the Orcish Mines
 23326 | Orc:2    | Found a dark tunnel.
 23337 | Volcano  | Entered a volcano
 23435 | Volcano  | Found a radiant altar of Vehumet.
 24424 | Orc:2    | Found a staircase to the Elven Halls.
 24612 | Orc:2    | Found Miohuugi's Armour Boutique.
 24612 | Orc:2    | Found Hioguir's General Store.
 24614 | Orc:2    | Found Ykurayga's Distillery.
 24616 | Orc:2    | Found Luobulai's Antique Weapon Shop.
 24623 | Orc:2    | Bought a potion of brilliance for 60 gold pieces
 24623 | Orc:2    | Bought a potion of mutation for 120 gold pieces
 24623 | Orc:2    | Bought 2 potions of flight for 90 gold pieces
 24623 | Orc:2    | Bought a potion of attraction for 45 gold pieces
 24623 | Orc:2    | Bought a potion of heal wounds for 75 gold pieces
 24623 | Orc:2    | Bought a potion of curing for 45 gold pieces
 24623 | Orc:2    | Bought a potion of heal wounds for 75 gold pieces
 24623 | Orc:2    | Bought a potion of cancellation for 120 gold pieces
 24623 | Orc:2    | Bought a potion of curing for 45 gold pieces
 25754 | Elf:1    | Entered Level 1 of the Elven Halls
 25757 | Elf:1    | Paralysed by an air elemental for 1 turns
 26040 | Elf:1    | Found Xow Qudgh's Armour Emporium.
 26047 | Elf:1    | Bought a +1 plate armour of willpower for 595 gold pieces
 26072 | Elf:1    | Paralysed by an air elemental for 1 turns
 26076 | Elf:1    | Paralysed by an air elemental for 1 turns
 27132 | Elf:1    | Identified a scroll of acquirement
 27133 | Elf:1    | Acquired the ring "Exonu" {rElec rPois Will+ MP-9}
 27872 | Elf:2    | Reached XP level 16. HP: 86/156 MP: 17/26
 28154 | Elf:2    | Found a runed translucent door.
 28260 | Elf:2    | Noticed an ancient champion
 28277 | Elf:2    | Killed an ancient champion
 29057 | Elf:2    | Reached skill level 15 in Invocations
 29409 | Elf:2    | Found a runed translucent door.
 29428 | Elf:2    | Noticed a deep elf blademaster
 29436 | Elf:2    | Killed a deep elf blademaster
 31043 | Elf:3    | Entered Level 3 of the Elven Halls
 31049 | Elf:3    | Found Vegion's Jewellery Emporium.
 31425 | Elf:3    | Found Vapiliz's Jewellery Shop.
 31426 | Elf:3    | Found Qat Douje's Book Shoppe.
 31427 | Elf:3    | Found Eczokhlo's Jewellery Shop.
 31601 | Elf:3    | Found a runed translucent gate.
 31601 | Elf:3    | Found an opulent altar of Gozag.
 31602 | Elf:3    | Found a runed translucent gate.
 31602 | Elf:3    | Found a runed translucent gate.
 31602 | Elf:3    | Found Wuifac's Assorted Antiques.
 31602 | Elf:3    | Noticed Gajin's ghost (journeyman DsFi)
 31603 | Elf:3    | Found Ahaonato's Assorted Antiques.
 32365 | Elf:3    | Noticed a deep elf blademaster
 32374 | Elf:2    | Killed a deep elf blademaster
 32375 | Elf:2    | Reached XP level 17. HP: 133/166 MP: 18/27
 32446 | Elf:3    | Noticed a deep elf blademaster
 32460 | Elf:2    | Killed a deep elf blademaster
 32610 | Elf:3    | Noticed a Brimstone Fiend
 32831 | Elf:3    | Noticed a deep elf master archer
 32875 | Elf:3    | Noticed a Hell Sentinel
 32922 | Elf:2    | Killed a deep elf master archer
 33300 | Elf:3    | Noticed a deep elf master archer
 33305 | Elf:3    | Noticed a Hell Sentinel
 33634 | Elf:3    | Noticed an Ice Fiend
 34000 | Elf:2    | Killed a deep elf master archer
 34668 | Elf:3    | Identified the +6 great mace of the Baking Gods {flame,
                  | rN+}
 34683 | Elf:3    | Identified the +6 shortbow of Vuhuuth {freeze, rN+ Str+3}
 34726 | Elf:3    | Identified the +1 robe "Cufa" {Int+4}
 34852 | Elf:3    | Found the +6 arbalest "Damnation" {damnation}
 34855 | Elf:3    | Identified the amulet "Cycygui" {Reflect Int+2 SH+5}
 35026 | Elf:3    | Identified the +1 rapier "Ifeilaf" {heavy, rC+}
 35058 | Elf:3    | Identified the +11 mace of Devotion {antimagic, rC+ rN+
                  | rCorr Str-4 Dex+3}
 35266 | Elf:3    | Found a runed translucent door.
 35506 | Spider:1 | Entered Level 1 of the Spider Nest
 36373 | Spider:2 | Reached skill level 1 in Evocations
 38607 | Spider:3 | Noticed Jorgrun
 38618 | Spider:2 | Killed Jorgrun
 38764 | Spider:3 | Reached XP level 18. HP: 178/178 MP: 20/29
 40450 | Spider:4 | Entered Level 4 of the Spider Nest
 41887 | Spider:4 | Got a gossamer rune of Zot
 42208 | Shoals:1 | Entered Level 1 of the Shoals
 42415 | Elf:1    | Bought a +2 pair of boots of flying for 365 gold pieces
 42656 | Shoals:1 | Reached skill level 5 in Evocations
 43280 | Shoals:1 | Noticed Donald
 43293 | Shoals:1 | Killed Donald
 43736 | Shoals:1 | You are sucked into a shaft and drop 1 floor!
 43742 | Shoals:2 | Noticed Ilsuiw
 43767 | Shoals:2 | Killed Ilsuiw
 44552 | Shoals:2 | Reached XP level 19. HP: 168/188 MP: 21/30
 44758 | Shoals:2 | Found the +3 warlock's mirror {omnireflect}
 45906 | Shoals:3 | Identified the +1 pair of boots "Pesseut" {Drain rPois
                  | Str+7 Stlth+}
 46433 | Shoals:4 | Entered Level 4 of the Shoals
 46805 | Shoals:4 | Noticed Mara
 46824 | Shoals:4 | Noticed Anon1729's illusion
 46839 | Shoals:4 | Killed Mara
 47347 | Shoals:4 | Noticed Polyphemus
 47370 | Shoals:4 | Killed Polyphemus
 47663 | Shoals:4 | Noticed Roxanne
 47778 | Shoals:4 | Found Tafafoidgh's Vocational Training.
 48104 | Shoals:4 | Got a barnacled rune of Zot
 48126 | Shoals:4 | Identified the +2 shortbow "Norafaets" {drain, SInv}
 48467 | Shoals:4 | Bought a manual of Evocations for 1440 gold pieces
 48720 | Vaults:1 | Entered Level 1 of the Vaults
 49030 | Vaults:1 | Identified the +1 leather armour of the Mind {Str+3}
 49651 | Vaults:1 | Reached skill level 1 in Shields
 49662 | Vaults:1 | Reached XP level 20. HP: 199/199 MP: 23/32
 50450 | Vaults:2 | Identified the ring "Pibreh" {Dex+6 SInv Stlth+}
 50821 | Vaults:2 | Reached skill level 5 in Shields
 51075 | Vaults:2 | Reached skill level 5 in Dodging
 51130 | Vaults:2 | Identified the +9 quarterstaff "Goblinbane" {spect, Int+2
                  | Dex+4}
 51864 | Vaults:2 | Reached skill level 10 in Evocations
 52074 | Vaults:2 | Found a transporter.
 52075 | Vaults:2 | Noticed Uhurudgh's ghost (veteran DgEE)
 52092 | Vaults:2 | Noticed an ancient lich
 52120 | Vaults:2 | Found a transporter.
 52658 | Vaults:3 | Reached XP level 21. HP: 116/207 MP: 24/33
 53017 | Vaults:3 | Found a staircase to the Crypt.
 54177 | Vaults:3 | Found a portal to a secret trove of treasure.
 55036 | Vaults:4 | Reached skill level 10 in Shields
 55822 | Vaults:4 | Got Soyheula's Handbook of Graupel and Virulence
 56184 | Vaults:5 | Entered Level 5 of the Vaults
 56594 | Vaults:5 | Reached XP level 22. HP: 175/217 MP: 16/34
 56870 | Vaults:5 | Noticed a golden dragon
 56963 | Vaults:4 | Killed a golden dragon
 58297 | Vaults:5 | Identified the +2 spear "Niaxuy" {heavy, Will- rCorr Dex+3
                  | Stlth+}
 58724 | Vaults:5 | Acquired 999 gold pieces
 58750 | Vaults:5 | Identified the +0 plate armour "Raituen" {rF+ rC- Regen+
                  | Str+9}
 58751 | Vaults:5 | Identified the +4 ring mail "Roattee" {rF+ Str+3}
 58777 | Vaults:5 | Paralysed by a floating eye for 2 turns
 58921 | Vaults:5 | Identified the ring "Yfiawa" {Ice rPois Str-5 Slay+3
                  | Stlth+}
 58938 | Vaults:5 | Identified the +11 short sword "Kaimast" {spect, Int+2
                  | Dex+4}
 59109 | Vaults:5 | Got a silver rune of Zot
 59230 | Vaults:5 | Got the Spellbook of the Displaced Volcano
 59715 | Depths:1 | Entered Level 1 of the Depths
 60023 | Depths:1 | Found a gateway to Hell.
 60456 | Depths:1 | Found a shadowy altar of Dithmenos.
 60700 | Depths:1 | Found Qisepur's Weapon Shoppe.
 61124 | Depths:2 | Found a white marble altar of Elyvilon.
 61152 | Depths:2 | Reached XP level 23. HP: 168/227 MP: 26/35
 61620 | Depths:2 | Found a one-way gate to the infinite horrors of the Abyss.
 61761 | Depths:2 | Noticed a caustic shrike
 61766 | Depths:2 | Noticed a juggernaut
 61770 | Depths:2 | Killed a caustic shrike
 61770 | Depths:2 | Paralysed by a floating eye for 3 turns
 61787 | Depths:2 | Killed a juggernaut
 61796 | Depths:2 | Reached skill level 10 in Dodging
 62108 | Depths:2 | Found a one-way gate leading to the halls of Pandemonium.
 62328 | Depths:2 | Found a one-way gateway to a ziggurat.
 62369 | Depths:2 | Identified the +5 mace "Teptoir" {flame, rPois rF+ rN+}
 62611 | Depths:2 | Identified the +8 halberd "Vireergh" {heavy, rF+ SInv}
 62795 | Depths:2 | Got the Anthology of Supportive Battling
 62807 | Depths:2 | Identified the +0 flail "Madghy" {vamp, rElec Int+3 Dex+2}
 63080 | Depths:3 | Noticed Sojobo
 63093 | Depths:3 | Paralysed by an air elemental for 1 turns
 63121 | Depths:3 | Killed Sojobo
 63124 | Depths:4 | Entered Level 4 of the Depths
 63138 | Depths:4 | Reached skill level 15 in Shields
 63399 | Depths:3 | Noticed a caustic shrike
 63406 | Depths:3 | Killed a caustic shrike
 63588 | Depths:3 | Noticed a caustic shrike
 63591 | Depths:3 | a caustic shrike changed into a shadow dragon
 63707 | Depths:3 | Identified the +1 leather armour "Onued" {rN++ Dex-4}
 63796 | Depths:3 | Noticed Jory
 63800 | Depths:3 | Noticed a juggernaut
 63815 | Depths:3 | Killed Jory
 64073 | Depths:3 | Identified the +1 flail of the Rescuing Gods {flame, Int+3}
 64084 | Depths:3 | Identified the +6 broad axe of Moklaisy {venom, Str+6}
 64093 | Depths:3 | Killed a juggernaut
 64105 | Depths:3 | Reached XP level 24. HP: 175/237 MP: 18/36
 65669 | Depths:4 | Reached skill level 15 in Evocations
 65712 | Depths:4 | Identified the +5 scale mail of Hadjma {Harm Regen+ Int-2
                  | SInv}
 65831 | Depths:4 | Identified the +1 tower shield "Mycinaone" {*Slow rF++
                  | Int+2}
 65831 | Depths:4 | Noticed Louise
 65840 | Depths:4 | Killed Louise
 65997 | Depths:4 | Found a white marble altar of Elyvilon.
 65997 | Depths:4 | Found a glowing silver altar of Zin.
 65997 | Depths:4 | Found a glowing golden altar of the Shining One.
 66800 | Depths:4 | Found a runed translucent door.
 66805 | Depths:4 | Found a runed translucent door.
 66813 | Depths:4 | Found a runed translucent door.
 66814 | Depths:4 | Found a gate to the Realm of Zot.
 66851 | Depths:4 | Found a runed translucent door.
 66935 | Depths:4 | Found a runed translucent door.
 66938 | Depths:4 | Found a runed translucent door.
 67856 | Zot:1    | Entered Level 1 of the Realm of Zot
 68154 | Zot:2    | Noticed a Killer Klown
 68323 | Zot:1    | Killed a Killer Klown
 69112 | Zot:2    | Identified the +7 plate armour "Xyotwae" {Str+4}
 69279 | Zot:2    | Reached XP level 25. HP: 164/253 MP: 27/36
 69531 | Zot:2    | Found a transporter.
 69743 | Zot:2    | Found a transporter.
 70342 | Zot:3    | Noticed a Killer Klown
 70360 | Zot:3    | Killed a Killer Klown
 70367 | Zot:3    | Identified the ring of the Imp {Ice Str+4}
 70367 | Zot:3    | Noticed Josephina
 70385 | Zot:3    | Killed Josephina
 71197 | Zot:3    | Reached skill level 27 in Fighting
 71313 | Zot:3    | Identified the +0 scale mail of Ehoseat {rC+ Str+2 Int+4}
 73102 | Zot:4    | Noticed Grunn
 73951 | Zot:4    | Killed Grunn
 74896 | Zot:5    | Entered Level 5 of the Realm of Zot
 74932 | Zot:5    | Reached XP level 26. HP: 243/265 MP: 3/36
 75186 | Zot:5    | Noticed a dread lich
 75192 | Zot:5    | Killed a dread lich
 75642 | Zot:5    | Noticed an ancient lich
 75778 | Zot:5    | Killed an ancient lich
 75811 | Zot:5    | Noticed an orb of fire
 75818 | Zot:5    | Gained mutation: You sometimes lose your temper in combat.
                  | [an orb of fire]
 75821 | Zot:5    | Gained mutation: You are weak. (Str -2) [an orb of fire]
 75826 | Zot:5    | Killed an orb of fire
 75862 | Zot:5    | Lost mutation: You are weak. (Str -2) [potion of mutation]
 75862 | Zot:5    | Lost mutation: You sometimes lose your temper in combat.
                  | [potion of mutation]
 75862 | Zot:5    | Gained mutation: Potions are less effective at restoring
                  | your health. [potion of mutation]
 75863 | Zot:5    | Lost mutation: Potions are less effective at restoring your
                  | health. [potion of mutation]
 75863 | Zot:5    | Gained mutation: Your muscles are strong. (Str +4, Int/Dex
                  | -1) [potion of mutation]
 75863 | Zot:5    | Gained mutation: You do not regenerate when monsters are
                  | visible. [potion of mutation]
 75863 | Zot:5    | Gained mutation: You are somewhat resistant to further
                  | mutation. [potion of mutation]
 75864 | Zot:5    | Lost mutation: Your muscles are strong. (Str +4, Int/Dex
                  | -1) [potion of mutation]
 75864 | Zot:5    | Lost mutation: You do not regenerate when monsters are
                  | visible. [potion of mutation]
 75864 | Zot:5    | Gained mutation: You possess an exceptional clarity of
                  | mind. [potion of mutation]
 75864 | Zot:5    | Gained mutation: You passively map a small area around you.
                  | [potion of mutation]
 76178 | Zot:5    | Noticed a dread lich
 76178 | Zot:5    | Noticed a dread lich
 76194 | Zot:5    | Killed a dread lich
 76196 | Zot:5    | Killed a dread lich
 76237 | Zot:5    | Noticed an orb of fire
 76458 | Zot:5    | Noticed an orb of fire
 76476 | Zot:4    | Killed an orb of fire
 76567 | Zot:4    | Killed an orb of fire
 77151 | Zot:5    | Noticed a dread lich
 77152 | Zot:5    | Noticed an ancient lich
 77159 | Zot:5    | Killed a dread lich
 77160 | Zot:5    | Killed an ancient lich
 77172 | Zot:5    | Noticed a dread lich
 77185 | Zot:5    | Killed a dread lich
 77186 | Zot:5    | Reached skill level 27 in Axes
 77580 | Zot:5    | Reached skill level 15 in Dodging
 78067 | Zot:5    | Got the Orb of Zot
 78126 | Zot:2    | Noticed a seraph
 78298 | Depths:1 | Noticed Beasm the pandemonium lord
 78452 | D:11     | Noticed Meseahas the pandemonium lord
 78793 | D:$      | Escaped with the Orb!

Illustrated notes

Levels and vault maps discovered:
D:1:      amcnicky_arrival_underground_garden, layout_rooms,
          chequers_ecumenical_altar_twisty
D:2:      layout_basic
D:3:      layout_basic, minmay_misc_feat_four_crosses, minivault_24, uniq_pargi,
          uniq_natasha
D:4:      layout_basic, minmay_overflow_temple_hex,
          minmay_temple_entry_poolview, gammafunk_ghost_necromancy,
          kennysheep_small_circle, uniq_duvessa
D:5:      layout_rooms, regret_index_temple_of_mockery, serial_shops,
          nicolae_shop_hallway_plus, minmay_misc_feat_x, minivault_24
D:6:      minmay_chambers_of_threes, layout_rooms, mainiacjoe_overflow_alcove_2,
          uniq_sigmund
D:7:      layout_basic
D:8:      layout_loops_cross, zin_academy
D:9:      layout_cave_pools, minivault_23, uniq_psyche, uniq_maggie,
          uniq_maurice
D:10:     layout_rooms, chequers_temple_overflow_statue_of_worship,
          mainiacjoe_overflow_boulevard, david_orc_4, serial_shops,
          nicolae_shop_behind_doors, uniq_urug, uniq_sonja
D:11:     layout_roguey, erik_lair_island, gauntlet_entry_generic,
          grunt_decor_fettered, serial_bayou_pond_b,
          hangedman_abyss_or_decor_stagger
D:12:     cheibrodos_statue_roulette, layout_long_grid,
          small_statue_intersection, uniq_rupert
D:13:     layout_gridville
D:14:     layout_small_grid, david_vaults_1
D:15:     grunt_enter_depths_snipers, layout_irregular_city,
          nicolae_ru_path_of_blood
Lair:1:   layout_hall_layers, serial_bayou_shore_a, infiniplex_staircase_pool,
          lemuel_fruit_fields, uniq_erica, uniq_fannar, uniq_harold
Lair:2:   layout_cave_pods
Lair:3:   layout_regular_city, minmay_shoals_entry_beasts,
          nicolae_spider_entry_non_spiders, nicolae_quartered_pool_impasse,
          minmay_stone_trees_medium
Lair:4:   nzn_winding_woodlands_huge [nzn_winding_woodlands_5x15_sidewinder,
          nzn_winding_woodlands_5x15_sawtooth,
          nzn_winding_woodlands_5x15_pathside_ponds,
          nzn_winding_woodlands_5x15_parted,
          nzn_winding_woodlands_5x15_concentric,
          nzn_winding_woodlands_5x15_lazy_stream,
          nzn_winding_woodlands_5x15_crooked, nzn_winding_woodlands_5x15_twine,
          nzn_winding_woodlands_5x15_cabin,
          nzn_winding_woodlands_5x15_split_checker,
          nzn_winding_woodlands_center_diamonds,
          nzn_winding_woodlands_center_lodge,
          nzn_winding_woodlands_15x15_boxy_spiral], layout_cave_shapes,
          slime_entry_1, serial_bayou, serial_bayou_pond_e,
          serial_bayou_shore_b, serial_bayou_lagoon_b, serial_bayou_pond_e,
          serial_bayou_shore_b, ebering_ghost_inner_flame, uniq_nessos
Shoals:1: layout_shoals, uniq_donald
Shoals:2: layout_shoals, uniq_ilsuiw
Shoals:3: layout_shoals, nicolae_shoals_drake_roost
Shoals:4: shoals_end_hangedman, layout_shoals, nicolae_shop_vocational,
          uniq_polyphemus, uniq_roxanne, uniq_mara
Spider:1: layout_cave_pods, hellmonk_deceptive_appearances
Spider:2: nicolae_spider_hilbert_zone_2 [nicolae_spider_hilbert_4_sides_1_open,
          nicolae_spider_hilbert_4_sides_1_open,
          nicolae_spider_hilbert_4_sides_1_open,
          nicolae_spider_hilbert_4_sides_1_open,
          nicolae_spider_hilbert_6_sides_1_open,
          nicolae_spider_hilbert_6_sides_1_open,
          nicolae_spider_hilbert_3_sides_1_open,
          nicolae_spider_hilbert_3_sides_1_open,
          nicolae_spider_hilbert_3_sides_1_open,
          nicolae_spider_hilbert_3_sides_1_open,
          nicolae_spider_hilbert_6_sides_1_open,
          nicolae_spider_hilbert_6_sides_1_open,
          nicolae_spider_hilbert_6_sides_1_open,
          nicolae_spider_hilbert_6_sides_1_open]
Spider:3: layout_chambers, hangedman_spider_tarantella_strand, uniq_jorgrun
Spider:4: guppyfry_spider_rune
Orc:1:    layout_diamond_mine
Orc:2:    st_orc_rangers, layout_caves, nicolae_volcano_entry_two_sided
Elf:1:    nicolae_elf_arrival_aired_out, layout_gridlike, serial_shops, shop,
          kennysheep_underground_church
Elf:2:    elven_hall_of_blades_hangedman_original
          [nicolae_blade_entry_splitting_headache], layout_geoelf_grid,
          serial_sigils_hangedman_scratch, nicolae_elf_deep_mausoleum
Elf:3:    minmay_elf_hall_not_hex, layout_loops_corners, ebering_ghost_gozag,
          serial_shops, shop, nicolae_danse_macabre, minmay_shop_grove
Vaults:1: nicolae_vaults_little_squares_6, nicolae_vaults_ring_of_whatevers,
          vaults_dpeg_spiral, vaults_mumra_chevron_long,
          ontoclasm_vaults_decontamination, nicolae_vaults_alarming,
          vaults_room_hallway, st_squares, vaults_mumra_chevron,
          dpeg_vaults_monster_box, layout_vaults_omnibox
Vaults:2: gammafunk_ghost_mausoleum, hangedman_vaults_locks,
          nicolae_vaults_mini_display_case, nicolae_vaults_arrows,
          st_octagons_1, vaults_dpeg_cross, ontoclasm_vaults_eye, serial_ice_h,
          v_pattern_5, vaults_room_pool, layout_vaults_big_cross
Vaults:3: ontoclasm_vaults_tryst, vaults_room_door_hall,
          nicolae_vaults_back_hallway, minmay_crypt_entry_simple_box, st_eye,
          hangedman_vaults_capsules, nicolae_vaults_what_the_h,
          vaults_dpeg_hooks, nicolae_vaults_little_squares_3,
          nicolae_vaults_asterisk, ontoclasm_vaults_idyll, v_misc_18,
          nicolae_vaults_triangles, vaults_room_pools, v_misc_13,
          ontoclasm_vaults_twist, nicolae_vaults_little_squares_4,
          layout_vaults_maze, nicolae_trove_entry_diagonal
Vaults:4: nicolae_vaults_yaktaur_gun_rack, ontoclasm_vaults_hangar,
          ontoclasm_vaults_ligature, vaults_mumra_bighexcomb,
          grunt_vaults_funnel, ontoclasm_vaults_shuriken,
          vaults_room_ringed_pool, layout_vaults_chaotic_city
Vaults:5: serial_shops
Depths:1: layout_gridlike, pf_coc_iceberg, serial_shops, nicolae_lakefront_shop,
          nicolae_dithmenos_through_a_glass_darkly
Depths:2: minmay_the_grid_octo_tiled_octocenter_mashed
          [minmay_the_grid_octo_clover, minmay_the_grid_octo_empty,
          minmay_the_grid_octo_odd_swirl, minmay_the_grid_octo_chip,
          minmay_the_grid_octo_prize_square_snowflake,
          minmay_the_grid_square_5x5_minibox, minmay_the_grid_square_5x5_bite,
          minmay_the_grid_square_5x5_beaten_path,
          minmay_the_grid_square_5x5_n_small], layout_twisted_cross,
          enter_ziggurat_a, grunt_hell_entry_dis_old, rand_demon_pan_entry_1,
          abyss_entry, minmay_misc_feat_five, hangedman_decor_diamond_cutter,
          st_stairs_10, elyvilon_altar_5
Depths:3: box_level_dp, serial_shops, hell_entry, abyss_entry, uniq_parghit,
          uniq_jory, uniq_sojobo
Depths:4: evilmike_zot_entry_castle, layout_gridlike, rand_demon_pan_entry_4,
          hell_entry, nicolae_abyss_entry_one_way_or_another, hallowed_hall,
          serial_bayou_shore_b
Zot:1:    kennysheep_six_static_rooms, layout_basic
Zot:2:    gammafunk_sealed_arena, layout_basic
Zot:3:    layout_cathedral_of_symmetry, grunt_ministairs_7, uniq_josephina
Zot:4:    ebering_greatest_show_in_zot, layout_misc_corridors, uniq_grunn
Zot:5:    layout_twisted_circle, st_stairs_13

Skill      XL: |  1  2  3  4  5  6  7  8  9 10 11 12 13 14 15 16 17 18 19 20 21 22 23 24 25 26 |
---------------+-------------------------------------------------------------------------------+-----
Armour         | 1 2 3 4 5 6 8 10 11 13 14 16 17 18 19 20 21 22 23 24 25 | 25.7
Fighting       | 4 5 6 7 9 10 12 13 15 16 17 18 19 20 21 22 23 25 27 | 27.0
Axes           | 4 5 6 7 9 10 12 13 15 16 17 18 19 20 21 22 23 24 25 27 | 27.0
Invocations    | 1 2 3 4 5 7 8 9 11 12 13 14 15 16 17 18 19 20 21 22 | 22.0
Evocations     | 2 5 8 10 12 13 14 15 17 18 | 18.6
Shields        | 1 7 11 13 15 17 18 19 | 19.4
Dodging        | 6 8 9 11 12 13 15 | 15.2
Stealth        | |  1.5

Action                     |  1- 3 |  4- 6 |  7- 9 | 10-12 | 13-15 | 16-18 | 19-21 | 22-24 | 25-27 || total
---------------------------+-------+-------+-------+-------+-------+-------+-------+-------+-------++-------
  Melee: Hand axe          |   100 |    13 |       |       |       |       |       |       |       ||   113
         Headbutt          |    15 |    13 |    54 |   114 |   185 |   251 |   412 |   512 |   306 ||  1862
         War axe           |       |    68 |   224 |   360 |       |       |       |       |       ||   652
         Punch             |       |       |     2 |     9 |       |       |       |       |       ||    11
         Battleaxe         |       |       |       |   110 |   780 |  1095 |     9 |       |       ||  1994
         Broad axe         |       |       |       |       |       |       |  1319 |  1372 |   910 ||  3601
 Invoke: Upheaval          |       |       |       |     8 |    26 |    14 |     8 |     8 |    14 ||    78
         Disaster Area     |       |       |       |       |       |     2 |     1 |     8 |     4 ||    15
  Evoke: Wand              |       |       |       |     9 |       |     1 |       |     3 |     3 ||    16
         Condenser vane    |       |       |       |       |       |     1 |       |     2 |       ||     3
    Use: Scroll            |       |       |     5 |     4 |    13 |    12 |     4 |     6 |    10 ||    54
         Potion            |       |       |       |    12 |     2 |     8 |     1 |     2 |    19 ||    44
   Stab: Sleeping          |     1 |       |       |       |       |       |     1 |       |       ||     2
         Distracted        |     1 |       |       |       |       |       |       |     2 |       ||     3
         Invisible         |       |       |       |     2 |       |       |       |       |     9 ||    11
         Confused          |       |       |       |       |       |     1 |       |       |       ||     1
         Paralysed         |       |       |       |       |       |       |     2 |       |       ||     2
 Armour: Robe              |     4 |       |       |       |       |       |       |       |       ||     4
         Plate armour      |    61 |    48 |    28 |       |    43 |   633 |   505 |   484 |   403 ||  2205
         Leather armour    |       |       |    65 |   240 |   219 |       |       |       |       ||   524
         Skin              |       |       |       |     4 |       |       |       |       |       ||     4
         Fire dragon scale |       |       |       |       |    66 |       |       |       |       ||    66
  Dodge: Dodged            |    33 |    23 |   113 |   258 |   451 |   315 |   293 |   428 |   347 ||  2261
         Repelled          |       |       |     1 |     9 |    25 |    10 |     4 |    16 |    23 ||    88
  Block: Other             |    19 |    19 |    69 |   167 |   267 |   552 |     1 |       |       ||  1094
         Reflection        |       |       |       |       |       |    22 |   135 |   131 |   119 ||   407
         Buckler           |       |       |       |       |       |       |  1153 |  1406 |  1091 ||  3650

Table legend: (Time is in decaauts)
 A = Elapsed time spent in this place.
 B = Non-inter-level travel time spent in this place.
 C = Inter-level travel time spent in this place.
 D = Time resting spent in this place.
 E = Time spent auto-exploring this place.
 F = Levels seen in this place.
 G = Mean time per level.
                   A        B        C        D        E       F      G
               +--------+--------+--------+--------+--------+-----+--------+
         Total |  77749 |  71809 |   5940 |  13981 |  46346 |  48 | 1619.8 |
       Dungeon |  18025 |  15556 |   2469 |   1926 |  11084 |  15 | 1201.7 |
          Lair |   6883 |   6079 |    804 |    460 |   5019 |   4 | 1720.8 |
        Shoals |   5800 |   5458 |    342 |    250 |   4289 |   4 | 1450.0 |
   Spider Nest |   6587 |   6360 |    227 |    841 |   4704 |   4 | 1646.8 |
  Orcish Mines |   2180 |   1937 |    243 |    151 |   1453 |   2 | 1090.0 |
   Elven Halls |   9615 |   9326 |    289 |   4063 |   4034 |   3 | 3205.0 |
        Vaults |  10855 |  10185 |    670 |   1743 |   6786 |   5 | 2171.0 |
        Depths |   7226 |   6750 |    476 |    311 |   5087 |   4 | 1806.5 |
           Zot |   9990 |   9574 |    416 |   4158 |   3698 |   5 | 1998.0 |
         Abyss |    199 |    199 |      0 |     71 |      0 |   1 |  199.0 |
       Volcano |    383 |    383 |      0 |      4 |    191 |   1 |  383.0 |
               +--------+--------+--------+--------+--------+-----+--------+

Top non-repeatable levels by time:
   Elf:2: 5119 daAuts
Vaults:4: 3573 daAuts
  Lair:4: 3316 daAuts
   Zot:3: 2999 daAuts
   Elf:1: 2557 daAuts
Vaults:2: 2401 daAuts
Vaults:3: 2343 daAuts
   Zot:2: 2310 daAuts
Depths:3: 2198 daAuts
   Zot:4: 2180 daAuts
Depths:4: 2177 daAuts
    D:15: 2153 daAuts
Spider:3: 2036 daAuts
   Elf:3: 1939 daAuts
    D:10: 1935 daAuts
